 Dungeon Crawl Stone Soup version 0.29.1-1-gd02db6906a (webtiles) character file.

Game seed: 17195112358176230577

226 GigaChad the Magician (level 5, -1/28 HPs)
             Began as a Deep Elf Conjurer on Sept 30, 2022.
             Slain by an orc
             ... wielding a +0 club
              (5 damage)
             ... on level 3 of the Dungeon.
             The game lasted 00:07:49 (3539 turns).

GigaChad the Magician (Deep Elf Conjurer)           Turns: 3539, Time: 00:07:50

Health: -1/28      AC:  6    Str:  4    XL:     5   Next: 69%
Magic:  16/16      EV: 12    Int: 25    God:
Gold:   156        SH:  0    Dex: 13    Spells: 5/18 levels left

rFire   . . .      SeeInvis .   k - +1 demon whip (venom)
rCold   . . .      Faith    .   (no shield)
rNeg    . . .      Spirit   .   a - +2 robe
rPois   .          Reflect  .   (no helmet)
rElec   .          Harm     .   f - +1 cloak
rCorr   .          Rampage  .   (no gloves)
Will    .....                   (no boots)
Stlth   ++........              (no amulet)
HPRegen 0.09/turn               (no ring)
MPRegen 0.15/turn               (no ring)

@: no status effects
A: no striking features
a: no special abilities


You were on level 3 of the Dungeon.
You visited 1 branch of the dungeon, and saw 4 of its levels.

You collected 156 gold pieces.

Inventory:

Hand Weapons
 e - a +0 short sword
 j - a +0 hand axe
 k - a +1 demon whip of venom (weapon)
 l - a +0 club
Armour
 a - a +2 robe (worn)
 f - a +1 cloak (worn)
Wands
 o - a wand of flame (30)
Scrolls
 c - a scroll of vulnerability {unknown}
 d - a scroll of poison {unknown}
 g - 3 scrolls of blinking
 h - a scroll of magic mapping {unknown}
 i - 2 scrolls of immolation {unknown}
Potions
 b - 2 potions of magic
 m - 3 potions of curing {unknown}
 n - a potion of haste {unknown}


   Skills:
 - Level 2.5 Dodging
 - Level 2.4 Stealth
 - Level 7.1 Spellcasting
 - Level 5.0 Conjurations
 + Level 1.7 Hexes


You had 5 spell levels left.
You knew the following spells:

 Your Spells              Type           Power      Damage    Failure   Level
a - Magic Dart            Conj           100%       1d8       1%          1
b - Fulminant Prism       Conj/Hex       13%        3d9       16%         4
c - Searing Ray           Conj           68%        2d6       1%          2
d - Blink                 Tloc           16%        N/A       10%         2
e - Iskenderun's Mystic   Conj/Tloc      21%        2d6       24%         4

Your spell library contained the following spells:

 Spells                   Type           Power      Damage    Failure   Level
 Dazzling Flash           Conj/Hex       52%        N/A       4%          3
 Lesser Beckoning         Tloc           8%         N/A       21%         3
 Manifold Assault         Tloc           8%         N/A       88%         5


Dungeon Overview and Level Annotations

Branches:
Dungeon (4/15)
 Temple: D:4-7

Altars:


Message History

a +0 leather armour; a +0 mace
There is a stone staircase leading down here.
You climb downwards.
The orc shouts! x3
The orc closely misses you.
There is a stone staircase leading up here.
The orc barely misses you. The orc closely misses you.
The orc barely misses you.
You climb upwards.
There is a stone staircase leading down here.
The magic dart hits the orc.
The orc is heavily wounded.
The orc hits you but does no damage. The orc closely misses you.
The orc hits you with a +3 vorpal flail!
You are too injured to fight recklessly!
You are too injured to fight recklessly!
You are too injured to fight recklessly!
The orc hits you with a +0 short sword. The orc misses you.
The orc hits you with a +0 short sword. The orc attacks as you move away!
The orc closely misses you. The orc hits you but does no damage.
The orc closely misses you.
You whack the orc!
You kill the orc!
The orc misses you. The orc hits you with a +0 short sword.
The orc hits you with a +0 club.
* * * LOW HITPOINT WARNING * * *
The orc misses you.
You see here a +3 vorpal flail.
You barely miss the orc. The orc barely misses you. x2
You hit the orc.
The orc is moderately wounded.
The orc hits you but does no damage. The orc hits you with a +0 short sword.
* * * LOW HITPOINT WARNING * * *
You closely miss the orc.
The orc is moderately wounded.
The orc hits you but does no damage. The orc completely misses you.
You hit the orc.
The orc is poisoned.
The orc is heavily wounded.
The orc hits you with a +0 club.
You die...

.P♣♣♣P...##
...♣♣♣P♣.P##############
...♣P♣♣................##
....P......####..#####..#
..........##♣.♣.♣## ##.#
........###.......#####.#
......##....♣#♣#♣...##..#
.......#.......o.##..#.##
...###.........o@###.#.#
#..# #...........# #.#.#
#..####...>....>.# #.#.#
#...##......^....# #...#
#........###.....# #####
###.....## #.....#
.........# #.....#
.........# ###..##
.........# ##.##


You could see 2 orcs.

Vanquished Creatures
  A bullfrog (D:3)
  An orc wizard (D:3)
  5 adders
  4 worms
  A dart slug (D:1)
  5 orcs (D:3)
  7 ball pythons
  3 bats
  4 endoplasms
  15 giant cockroaches
  8 goblins
  5 hobgoblins
  2 quokkas
  A frilled lizard (D:1)
  4 kobolds
  4 rats
70 creatures vanquished.

Notes
Turn   | Place    | Note
-------+----------+-------------------------------------------
     0 | D:1      | GigaChad the Deep Elf Conjurer began the quest for the Orb.
     0 | D:1      | Reached XP level 1. HP: 10/10 MP: 6/6
   164 | D:1      | Reached XP level 2. HP: 15/15 MP: 5/8
   332 | D:1      | Reached skill level 5 in Conjurations
   783 | D:1      | Reached XP level 3. HP: 19/19 MP: 7/10
   979 | D:2      | Reached skill level 4 in Spellcasting
  1409 | D:2      | Reached skill level 5 in Spellcasting
  1518 | D:2      | Reached XP level 4. HP: 24/24 MP: 8/13
  1631 | D:2      | Found a faded altar of an unknown god.
  1883 | D:3      | Noticed a bullfrog
  1891 | D:3      | Killed a bullfrog
  1892 | D:3      | Reached skill level 6 in Spellcasting
  1892 | D:3      | Reached XP level 5. HP: 10/28 MP: 3/16
  2830 | D:3      | Reached skill level 7 in Spellcasting
  3141 | D:3      | Learned a level 4 spell: Fulminant Prism
  3144 | D:3      | Learned a level 2 spell: Searing Ray
  3147 | D:3      | Learned a level 2 spell: Blink
  3152 | D:3      | Learned a level 4 spell: Iskenderun's Mystic Blast
  3226 | D:3      | Reached skill level 1 in Hexes
  3539 | D:3      | Slain by an orc

Illustrated notes

Levels and vault maps discovered:
D:1:      giann_wishing_wells, layout_basic
D:2:      minmay_roachtagon, layout_basic, shapermc_ecumenical_altar_mp_vishouse
D:3:      kennysheep_big_flooded_room, layout_rooms, serial_forest,
          infiniplex_forest_clump_small, infiniplex_forest_end_3,
          infiniplex_forest_clump_tiny, infiniplex_forest_lined_1,
          infiniplex_forest_straight_4, infiniplex_forest_clump_tiny,
          infiniplex_forest_clump_cross, infiniplex_forest_clump_curved,
          infiniplex_forest_lined_3
D:4:      layout_gridville, nicolae_wu_jian_glorious_leap

Skill      XL: |  1  2  3  4  5 |
---------------+----------------+-----
Conjurations   | 5 |  5.0
Spellcasting   | 5 6 7 |  7.1
Hexes          | 1 |  1.7
Dodging        | |  2.5
Stealth        | |  2.4

Action                   |  1- 3 |  4- 6 || total
-------------------------+-------+-------++-------
Melee: Short sword       |    22 |       ||    22
       Hand axe          |     4 |       ||     4
       Punch             |     1 |       ||     1
       Demon whip        |       |    23 ||    23
 Cast: Magic Dart        |    86 |    43 ||   129
  Use: Scroll            |     3 |     1 ||     4
Armor: Robe              |    12 |    13 ||    25
Dodge: Dodged            |    29 |    24 ||    53
